 Dungeon Crawl Stone Soup version 0.27-a0-887-gcab673c142 (webtiles) character file.

Game seed: 15295443894881108391

63 spiderkeys the Insei (level 4, -1/29 HPs)
             Began as an Octopode Transmuter on Apr 4, 2021.
             Slain by a goblin
             ... wielding a +2 dagger of protection
             ... led by Robin
              (6 damage)
             ... on level 2 of the Dungeon.
             The game lasted 00:01:50 (1867 turns).

spiderkeys the Insei (Octopode Transmuter)          Turns: 1867, Time: 00:01:51

Health: -1/29      AC:  1    Str:  9    XL:     4   Next: 10%
Magic:  6/7        EV: 13    Int: 16    God:
Gold:   37         SH:  0    Dex: 12    Spells: 6/7 levels left

rFire    . . .     SeeInvis .   b - +0 spear
rCold    . . .     Faith    .   (no shield)
rNeg     . . .     Spirit   .   (helmet currently unavailable)
rPois    .         Reflect  .   (no amulet)
rElec    .         Harm     .   (no ring)
rCorr    .         Rampage  .   (no ring)
Will     .....                  (no ring)
Stlth    +++.......             (no ring)
HPRegen  0.09/turn              (no ring)
MPRegen  0.10/turn              (no ring)
                                (no ring)
                                (no ring)

@: appendages
A: tentacle spike 3, almost no armour, amphibious, 8 rings, camouflage 1,
gelatinous body 1, (nimble swimmer 1), tentacles
a: End Transformation


You were on level 2 of the Dungeon.
One of your tentacles had grown a beastly spike.
You visited 1 branch of the dungeon, and saw 2 of its levels.

You collected 37 gold pieces.

Inventory:

Hand Weapons
 b - a +0 spear (weapon)
Missiles
 d - 8 curare-tipped darts
Scrolls
 g - a scroll of magic mapping {unknown}
Potions
 a - 2 potions of flight
 c - a potion of curing {unknown}
 e - a potion of resistance {unknown}
 f - a potion of haste {unknown}
 h - a potion of invisibility {unknown}


   Skills:
 + Level 1.7 Fighting
 + Level 2.5 Dodging
 + Level 1.7 Stealth
 + Level 3.3 Unarmed Combat
 + Level 2.3 Spellcasting
 + Level 2.5 Transmutations


You had 6 spell levels left.
You knew the following spells:

 Your Spells              Type           Power      Damage    Failure   Level
a - Beastly Appendage     Tmut           18%        N/A       7%          1

Your spell library contained the following spells:

 Spells                   Type           Power      Damage    Failure   Level
 Wereblood                Tmut           9%         N/A       11%         2
 Spider Form              Tmut/Pois      2%         N/A       34%         3
 Ice Form                 Ice/Tmut       5%         N/A       75%         4
 Hydra Form               Tmut           4%         N/A       89%         5


Dungeon Overview and Level Annotations

Branches:
Dungeon (2/15)

Altars:
The Shining One

Annotations:
D:2 Robin


Innate Abilities, Weirdness & Mutations

One of your tentacles has grown a beastly spike.
You cannot wear most types of armour.
You are amphibious.
You can wear up to eight rings at the same time.
Your skin changes colour to match your surroundings (Stealth+).
Your rubbery body absorbs attacks. (AC +1, EV +1)
((You are camouflaged near water. (Stealth+)))
You have tentacles for arms and can constrict up to eight enemies at once.


Message History

The dart slug is heavily wounded.
The dart slug launches a dart at you. The slug dart misses you.
You reach to attack!
You hit the dart slug.
The dart slug is heavily wounded.
You hit the dart slug. You grab the dart slug.
The dart slug is severely wounded.
You constrict the dart slug. The dart slug closely misses you.
You hit the dart slug.
You kill the dart slug!
Your tentacle spike disappears.
No target in view!
h - a metallic coppery potion 2 goblins come into view.
A goblin is wielding a +2 dagger of protection.
The goblin moves out of view.
There are monsters nearby!
A goblin and a hobgoblin come into view.
The goblin is wielding a +0 dagger of electrocution.
A hobgoblin comes into view.
The goblin shouts! x3; You hear a shout! x3
There is a stone staircase leading up here.
One of your tentacles grows a vicious spike.
You barely miss the goblin. Your grab misses the goblin.
The goblin misses you. x2
You closely miss the goblin. Your grab misses the goblin.
The goblin misses you. The goblin closely misses you. x2
The goblin hits you with a +0 club.
You hit the hobgoblin.
You kill the hobgoblin!
The goblin barely misses you.
The goblin hits you with a +2 dagger of protection.
The goblin misses you.
You closely miss the goblin. You grab the goblin.
You pierce the goblin.
You kill the goblin!
The goblin hits you with a +0 dagger of electrocution.
You are electrocuted!
Ouch! That really hurt!
* * * LOW HITPOINT WARNING * * *
The goblin hits you with a +2 dagger of protection.
You die...

#.##.##.####### #. #.##.#
#. #.##.# #. #.##)# .g
#.##.##.#
#.#####.##.##.#####
#.................#
.#........)g...###.#
....#.....#@#..# #.#
.........gg...# #.#
.........###.####.########
...#...## #..............
##.## ######.######## #.#
#.# #.# #.# #.##########.#
#............#


You could see 3 goblins.

Vanquished Creatures
  Natasha (D:2)
  2 dart slugs (D:2)
  3 endoplasms
  A giant cockroach (D:1)
  3 goblins
  4 hobgoblins
  4 jackals (D:1)
  2 quokkas
  3 ball pythons (D:1)
  A bat (D:1)
  5 kobolds
  4 rats
33 creatures vanquished.

Notes
Turn   | Place    | Note
-------+----------+-------------------------------------------
     0 | D:1      | spiderkeys the Octopode Transmuter began the quest for the
                  | Orb.
     0 | D:1      | Reached XP level 1. HP: 13/13 MP: 3/3
   164 | D:1      | Reached XP level 2. HP: 7/18 MP: 3/5
   892 | D:1      | Reached skill level 1 in Stealth
  1115 | D:2      | Reached XP level 3. HP: 21/23 MP: 4/6
  1327 | D:2      | Found a glowing golden altar of the Shining One.
  1413 | D:2      | Noticed Natasha
  1420 | D:2      | Killed Natasha
  1421 | D:2      | Reached XP level 4. HP: 2/29 MP: 5/7
  1727 | D:2      | Noticed Robin
  1867 | D:2      | Slain by a goblin

Illustrated notes

Levels and vault maps discovered:
D:1:      ncdulo_lavacross, layout_rooms
D:2:      layout_loops_ring, basic_altar, uniq_robin, uniq_natasha

Skill      XL: |  1  2 |
---------------+-------+-----
Stealth        | 1 |  1.7
Fighting       | |  1.7
Dodging        | |  2.5
Unarmed Combat | |  3.3
Spellcasting   | |  2.3
Transmutations | |  2.5

Action                   |  1- 3 |  4- 6 || total
-------------------------+-------+-------++-------
Melee: Unarmed           |    15 |       ||    15
       Kick              |    13 |     1 ||    14
       Tentacles         |     7 |       ||     7
       Constrict         |    17 |     2 ||    19
       Spear             |    61 |     9 ||    70
       Punch             |     2 |       ||     2
 Cast: Beastly Appendage |    14 |     2 ||    16
  Use: Scroll            |     2 |       ||     2
 Stab: Sleeping          |     5 |       ||     5
Armor: Skin              |     4 |       ||     4
Dodge: Dodged            |    35 |     9 ||    44

Table legend: (Time is in decaauts)
 A = Elapsed time spent in this place.
 B = Non-inter-level travel time spent in this place.
 C = Inter-level travel time spent in this place.
 D = Time resting spent in this place.
 E = Time spent auto-exploring this place.
 F = Levels seen in this place.
 G = Mean time per level.
                   A        B        C        D        E       F      G
               +--------+--------+--------+--------+--------+-----+--------+
         Total |   1872 |   1855 |     17 |    499 |   1105 |   2 |  936.0 |
       Dungeon |   1872 |   1855 |     17 |    499 |   1105 |   2 |  936.0 |
               +--------+--------+--------+--------+--------+-----+--------+

Top non-repeatable levels by time:
     D:1: 1058 daAuts
     D:2: 814 daAuts
